 Dungeon Crawl Stone Soup version 0.28.0-45-g0d030f2227 (webtiles) character file.

Game seed: 26054131063282793

252 dohliylev the Stinger (level 6, -1/32 HPs)
             Began as a Gargoyle Venom Mage on May 10, 2022.
             Was an Initiate of Sif Muna.
             Frozen to death by an endoplasm (5 damage)
             ... on level 3 of the Dungeon.
             The game lasted 00:16:52 (5438 turns).

dohliylev the Stinger (Gargoyle Venom Mage)         Turns: 5438, Time: 00:16:53

Health: -1/32      AC: 10    Str: 12    XL:     6   Next: 14%
Magic:  4/11       EV: 12    Int: 17    God:    Sif Muna [......]
Gold:   159        SH:  5    Dex: 10    Spells: 2/12 levels left

rFire   . . .      SeeInvis .   (no weapon)
rCold   . . .      Faith    .   (no shield)
rNeg    + . .      Spirit   .   a - +0 robe
rPois   ∞          Reflect  +   (no helmet)
rElec   +          Harm     .   o - +2 cloak {Stlth+}
rCorr   .          Rampage  .   (no gloves)
Will    .....                   i - +0 pair of boots
Stlth   +++.......              e - amulet of reflection
HPRegen 0.10/turn               (no ring)
MPRegen 0.12/turn               (no ring)

@: no status effects
A: sickness immunity, AC +4, negative energy resistance 1, electricity
resistance, torment resistance 1, petrification resistance
a: Renounce Religion


You were on level 3 of the Dungeon.
You worshipped Sif Muna.
Sif Muna was noncommittal.
You visited 2 branches of the dungeon, and saw 5 of its levels.

You collected 159 gold pieces.

Inventory:

Armour
 a - a +0 robe (worn)
 i - a +0 pair of boots (worn)
 o - a +2 cloak of stealth (worn)
Jewellery
 e - an amulet of reflection (around neck)
Wands
 n - a wand of flame (18)
 r - a wand of digging (6)
Scrolls
 b - a scroll of vulnerability {unknown}
 c - 2 scrolls of blinking {unknown}
 d - 6 scrolls of identify {unknown}
 h - 2 scrolls of enchant armour {unknown}
 s - a scroll of torment {unknown}
 t - a scroll of silence {unknown}
 v - 2 scrolls of magic mapping {unknown}
 w - a scroll of enchant weapon {unknown}
 x - a scroll of fear {unknown}
Potions
 f - a potion of cancellation {unknown}
 g - a potion of might {unknown}
 j - a potion of ambrosia {unknown}
 k - a potion of flight {unknown}
 l - 2 potions of curing {unknown}
 m - 2 potions of lignification {unknown}
 p - a potion of berserk rage {unknown}
 q - a potion of resistance {unknown}
 u - a potion of degeneration {unknown}


   Skills:
 + Level 1.7 Dodging
 - Level 2.1 Stealth
 + Level 3.7 Spellcasting
 + Level 1.8 Transmutations
 + Level 1.0 Air Magic
 + Level 4.7 Poison Magic


You had 2 spell levels left.
You knew the following spells:

 Your Spells              Type           Power      Damage    Failure   Level
a - Sting                 Tmut/Pois      56%        1d5       4%          1
b - Poisonous Vapours     Pois/Air       26%        N/A       8%          2
c - Mephitic Cloud        Conj/Pois/Air  9%         N/A       22%         3
d - Olgreb's Toxic Radia  Pois           19%        N/A       22%         4

Your spell library contained the following spells:

 Spells                   Type           Power      Damage    Failure   Level
 Shock                    Conj/Air       20%        1d4       13%         1
 Static Discharge         Conj/Air       5%         N/A       21%         2
 Swiftness                Air            6%         N/A       30%         3
 Airstrike                Air            3%         N/A       71%         4
 Lightning Bolt           Conj/Air       2%         1d14      98%         5
 Maxwell's Capacitive Co  Air            3%         ∞         100%        8


Dungeon Overview and Level Annotations

Branches:
Dungeon (4/15)             Temple (1/1) D:4

Altars:
Ashenzari
Cheibriados
Dithmenos
Elyvilon
Fedhas
Hepliaklqana
Makhleb
Nemelex Xobeh
Qazlal
Ru
Sif Muna
Trog
Uskayaw
Vehumet
Wu Jian
Yredelemnul
Zin
The Shining One


Innate Abilities, Weirdness & Mutations

You are immune to sickness and miasma.
Your stone body is resilient. (AC +4)
You are immune to poison.
You resist negative energy. (rN+)
You are resistant to electric shocks. (rElec)
You are resistant to unholy torment.
You are immune to petrification.


Message History

Press: ? - help, Dir - move target, f - orc
Aim: an orc, wielding a +0 mace Poisonous vapours surround the orc!
The orc is poisoned.
An orc priest comes into view. It is wielding a +0 short sword.
You kill the orc!
Sif Muna accepts your kill.
The endoplasm quivers.
Aiming: Sting (safe; 4% risk of failure)
Press: ? - help, Q - select action, (/) - cycle Shift-Dir - straight line, f - you That beam is likely to hit you.
Continue anyway?
Okay, then.
Casting: Sting (safe; 4% risk of failure)
Confirm with . or Enter, or press ? or * to list all spells.
Aiming: Poisonous Vapours (safe; 8% risk of failure)
Press: ? - help, Dir - move target, f - orc priest
Aim: an orc priest, wielding a +0 short sword Poisonous vapours surround the orc priest!
The orc priest is poisoned.
Casting: Poisonous Vapours (safe; 8% risk of failure)
Confirm with . or Enter, or press ? or * to list all spells.
You don't have enough magic to cast this spell.
Unknown command.
The orc priest looks more healthy.
The orc priest begins to cast a cantrip, but forgets the words!
An orc comes into view. It is wielding a +0 hand axe.
An orc comes into view. It is wielding a +0 club.
An orc comes into view. It is wielding a +0 dagger of venom.
A worm comes into view.
The orc priest mumbles some strange prayers to Beogh against you.
Beogh smites you!
The endoplasm jiggles.
The orc shouts!
The orc priest calls down the wrath of Beogh upon you.
Beogh smites you!
Ouch! That really hurt!
* * * LOW HITPOINT WARNING * * *
An orc comes into view. It is wielding a +0 dagger.
The endoplasm freezes you.
You are frozen.
You die...

^.. .. .. ..# .. #. #.# ..#
....... ...#.###.######.#
........ .#.#............#
.........o.....)#..#.).###
.......... #..........##
.......... #........# .
........... ##.o@.....# ..
........... #....J....#######....
.............w#.................w
............. #..............)...
.o.......... #......#.#..###.)..
.......#### #........#.o###....
.))........## #.......o..........
.......###..####..#..............
.......# #.##..............#.###


You could see a worm, an orc priest, 2 orcs and an endoplasm.

Vanquished Creatures
  A crimson imp (D:4)
  Crazy Yiuf (D:2)
  An orc priest (D:3)
  Jessica (D:2)
  4 adders
  An adder skeleton (D:4)
  2 worms (D:2)
  5 dart slugs
  5 orcs
  2 ball pythons
  7 endoplasms
  7 giant cockroaches
  6 hobgoblins
  3 kobolds
  3 quokkas
  6 bats
  4 frilled lizards
  3 goblins
  2 goblin skeletons (D:4)
  2 hobgoblin zombies (D:4)
  A kobold skeleton (D:4)
  2 kobold zombies (D:4)
  An orc skeleton (D:4)
  An orc zombie (D:4)
  8 rats
79 creatures vanquished.

Notes
Turn   | Place    | Note
-------+----------+-------------------------------------------
     0 | D:1      | dohliylev the Gargoyle Venom Mage began the quest for the
                  | Orb.
     0 | D:1      | Reached XP level 1. HP: 10/10 MP: 3/3
   118 | D:1      | Reached XP level 2. HP: 8/15 MP: 1/5
   214 | D:1      | Learned a level 2 spell: Poisonous Vapours
   444 | D:1      | Reached skill level 1 in Transmutations
   906 | D:1      | Reached XP level 3. HP: 19/19 MP: 1/6
  1456 | D:2      | Noticed Jessica
  1467 | D:2      | Killed Jessica
  1468 | D:2      | Reached XP level 4. HP: 24/24 MP: 1/8
  2408 | D:2      | Reached skill level 4 in Poison Magic
  2475 | D:2      | Found a faded altar of an unknown god.
  2774 | D:2      | Found a runed translucent door.
  2775 | D:2      | Noticed Crazy Yiuf
  2790 | D:2      | Killed Crazy Yiuf
  2791 | D:2      | Reached skill level 1 in Air Magic
  2791 | D:2      | Reached XP level 5. HP: 15/28 MP: 3/9
  3161 | D:3      | Found a sparkling altar of Nemelex Xobeh.
  3252 | D:4      | Learned a level 3 spell: Mephitic Cloud
  3257 | D:4      | Learned a level 4 spell: Olgreb's Toxic Radiance
  3518 | D:4      | Found a glowing golden altar of the Shining One.
  4562 | D:4      | Found a staircase to the Ecumenical Temple.
  4592 | Temple   | Entered the Ecumenical Temple
  4663 | Temple   | Became a worshipper of Sif Muna the Loreminder
  5392 | D:3      | Reached XP level 6. HP: 22/32 MP: 2/11
  5438 | D:3      | Frozen to death by an endoplasm

Illustrated notes

Levels and vault maps discovered:
D:1:      minmay_arrival_jagged, layout_basic, hex_intersection
D:2:      layout_rooms, chequers_ecumenical_altar_island,
          uniq_crazy_yiuf_cottage, uniq_jessica
D:3:      layout_rooms, nemelex_xobeh_ov_fountains_minmay, minmay_misc_feat_chi,
          uniq_grinder
D:4:      layout_basic, nicolae_tso_besieged_by_evil, temple_pool_b,
          minivault_26
Temple:   regret_index_temple_sphere_string

Skill      XL: |  1  2  3  4 |
---------------+-------------+-----
Transmutations | 1 |  1.8
Poison Magic   | 4 |  4.7
Spellcasting   | 3 |  3.7
Air Magic      | 1 |  1.0
Dodging        | |  1.7
Stealth        | |  2.1

Action                   |  1- 3 |  4- 6 || total
-------------------------+-------+-------++-------
Melee: Unarmed           |    21 |    12 ||    33
 Cast: Sting             |    32 |   117 ||   149
       Poisonous Vapours |    13 |    56 ||    69
Armor: Robe              |     8 |    18 ||    26
Dodge: Dodged            |    24 |    28 ||    52
Block: Other             |     9 |    11 ||    20
       Reflection        |       |     1 ||     1
